[Event "2026 Biel Blitz Open"]
[Site "Biel, CH"]
[Date "2026.07.19"]
[Round "9"]
[White "Schweizer, Simon"]
[Black "Haugner, Jan"]
[Result "1/2-1/2"]
[Board "15"]
[TimeControl "180+2"]
[WhiteFideId "1325361"]
[BlackFideId "24655244"]
[WhiteElo "2182"]
[BlackElo "1976"]
[WhiteClock "0:00:18"]
[BlackClock "0:00:10"]
[Variant "Standard"]
[EndDate "2026.07.19"]
[EndTime "14:46:22"]

1. e4 c5 2. Nf3 d6 3. d4 cxd4 4. Nxd4 Nf6 5. Nc3 Bd7 6. h3 Nc6 7. Nb3 g6 8. g4 Be6 9. g5 Nd7 10. Ne2 Bg7 11. Nf4 Bxb3 12. axb3 O-O 13. h4 Rc8 14. c3 Nde5 15. Be2 e6 16. Be3 Qe7 17. Ng2 Rfd8 18. f4 Nd7 19. O-O Nc5 20. Bf3 b6 21. b4 Nb7 22. Qe1 d5 23. e5 Qc7 24. b5 Ne7 25. Rxa7 Nf5 26. Bf2 Ra8 27. Rxa8 Rxa8 28. Ne3 Nc5 29. Nxf5 gxf5 30. Bd4 Ra2 31. Qb1 Qa7 32. Kh1 Bf8 33. b4 Nd7 34. Rg1 Qa3 35. h5 Rb2 36. Qf1 Rd2 37. Be3 Qxc3 38. Bxd2 Qxd2 39. g6 Qxf4 40. gxf7+ Kxf7 41. Qg2 Nxe5 42. Qg8+ Ke7 43. Qxh7+ Kd6 44. Bd1 Qh4+ 45. Kg2 Qe4+ 46. Kf1 Qd3+ 47. Ke1 d4 48. Qb7 Qe3+ 49. Kf1 Qh3+ 50. Ke1 Qe3+ 51. Kf1 Qh3+ 1/2-1/2

[Event "2026 Biel Blitz Open"]
[Site "Biel, CH"]
[Date "2026.07.19"]
[Round "9"]
[White "Vihaan Dumir"]
[Black "Hakimifard, Ghazal"]
[Result "1-0"]
[Board "16"]
[TimeControl "180+2"]
[WhiteFideId "25901010"]
[BlackFideId "12506540"]
[WhiteElo "1965"]
[BlackElo "2130"]
[WhiteTitle "CM"]
[BlackTitle "WGM"]
[WhiteClock "0:00:15"]
[BlackClock "0:00:08"]
[Variant "Standard"]
[EndDate "2026.07.19"]
[EndTime "14:38:37"]

1. d4 Nf6 2. Bg5 Ne4 3. Bf4 d5 4. e3 e6 5. Nd2 b6 6. Nxe4 dxe4 7. f3 Bb7 8. fxe4 Bxe4 9. Nf3 Be7 10. Bd3 Bxd3 11. Qxd3 c5 12. O-O cxd4 13. Bxb8 Rxb8 14. Ne5 Qd5 15. exd4 O-O 16. c3 b5 17. Qf3 Qxf3 18. Rxf3 Rbc8 19. a3 f6 20. Nd3 Rfd8 21. Re1 Rc6 22. Rfe3 Kf7 23. Nf4 Rd7 24. Rxe6 Rxe6 25. Nxe6 Bd6 26. g3 a5 27. Kf2 Bb8 28. Nc5 Rd5 29. b4 axb4 30. axb4 Ba7 31. Ra1 Bxc5 32. bxc5 Rd7 33. Ra6 b4 34. c6 Rd6 35. c7 Rxa6 36. c8=Q Ra2+ 37. Kf3 bxc3 38. Qxc3 Kg6 39. Qd3+ f5 40. h4 Kf6 41. d5 h6 42. d6 1-0

[Event "2026 Biel Blitz Open"]
[Site "Biel, CH"]
[Date "2026.07.19"]
[Round "9"]
[White "Amonatov, Farrukh"]
[Black "El-Mais, Ibaa"]
[Result "1-0"]
[Board "17"]
[TimeControl "180+2"]
[WhiteFideId "14700077"]
[BlackFideId "1312715"]
[WhiteElo "2585"]
[BlackElo "2012"]
[WhiteTitle "GM"]
[WhiteClock "0:01:48"]
[BlackClock "0:00:03"]
[Variant "Standard"]
[EndDate "2026.07.19"]
[EndTime "14:36:26"]

1. e4 e5 2. Nf3 Nc6 3. Bb5 a6 4. Ba4 Nge7 5. O-O d6 6. c3 Bd7 7. d4 Ng6 8. Re1 Be7 9. Nbd2 O-O 10. Nf1 Bg4 11. Bxc6 bxc6 12. h3 Be6 13. Ne3 Rb8 14. b3 Qc8 15. c4 exd4 16. Nxd4 Bf6 17. Rb1 Bd7 18. Bb2 Nf4 19. Ne2 Nxe2+ 20. Qxe2 Bxb2 21. Qxb2 a5 22. Qc3 Qa6 23. c5 a4 24. b4 Be6 25. a3 Rfd8 26. Rbd1 Bb3 27. Nf5 f6 28. cxd6 Bxd1 29. dxc7 Bb3 30. Qg3 g6 31. cxb8=Q 1-0

[Event "2026 Biel Blitz Open"]
[Site "Biel, CH"]
[Date "2026.07.19"]
[Round "9"]
[White "Omar, Noaman"]
[Black "Nguyen Thi Mai Hung"]
[Result "1-0"]
[Board "18"]
[TimeControl "180+2"]
[WhiteFideId "9300244"]
[BlackFideId "12401676"]
[WhiteElo "2274"]
[BlackElo "2039"]
[WhiteTitle "IM"]
[BlackTitle "WGM"]
[WhiteClock "0:00:13"]
[BlackClock "0:00:07"]
[Variant "Standard"]
[EndDate "2026.07.19"]
[EndTime "14:39:06"]

1. d4 d5 2. c4 c6 3. cxd5 cxd5 4. Bg5 Nc6 5. Nc3 h6 6. Bh4 g5 7. Bg3 Bg7 8. e3 Nf6 9. h4 a6 10. hxg5 hxg5 11. Rxh8+ Bxh8 12. Nf3 g4 13. Ne5 Qb6 14. Qd2 Bf5 15. Nxc6 Qxc6 16. Rc1 Rc8 17. f3 Qd7 18. Be5 Bg7 19. Be2 gxf3 20. gxf3 Qe6 21. Na4 Rxc1+ 22. Qxc1 Bh6 23. Kf2 Qc8 24. Qh1 Bg7 25. Nc5 Kf8 26. Qg2 a5 27. Qg5 b6 28. Nd3 Ne8 29. Bxg7+ Nxg7 30. Qh6 Kg8 31. Qxb6 Qc2 32. Qb8+ Kh7 33. Qh2+ Kg8 34. Qb8+ Kh7 35. Nf4 a4 36. Qb4 e6 37. a3 Ne8 38. Qe7 Ng7 39. Qxf7 Qxb2 40. Qe7 Qc2 41. Nh5 Kg6 42. Nxg7 Bd3 43. Nxe6 Qxe2+ 44. Kg3 Qe1+ 45. Kf4 Qf2 46. Qg7+ Kh5 47. Qg5+ 1-0

[Event "2026 Biel Blitz Open"]
[Site "Biel, CH"]
[Date "2026.07.19"]
[Round "9"]
[White "Bajraktari, Perparim"]
[Black "Gluckman, David"]
[Result "1-0"]
[Board "19"]
[TimeControl "180+2"]
[WhiteFideId "1307711"]
[BlackFideId "14300010"]
[WhiteElo "2045"]
[BlackElo "2240"]
[BlackTitle "IM"]
[WhiteClock "0:03:02"]
[BlackClock "0:03:02"]
[Variant "Standard"]
[EndDate "2026.07.19"]
[EndTime "14:45:50"]

1. c4 Nf6 2. Nf3 g6 3. Nc3 d5 4. cxd5 Nxd5 5. g3 Bg7 6. Bg2 O-O 7. O-O c5 8. a3 Nc6 9. d3 h6 10. Bd2 Be6 11. Rc1 b6 12. Nxd5 Bxd5 13. Bc3 Nd4 14. Bxd4 cxd4 15. Qa4 e5 16. Nd2 Bxg2 17. Kxg2 Qd5+ 18. f3 f5 19. Qc6 Qf7 20. Qc4 Rae8 21. b4 Re7 22. b5 g5 23. h3 Kh7 24. Qxf7 Rfxf7 25. Rc6 h5 26. a4 Bh6 27. Nc4 e4 28. dxe4 fxe4 29. Nd6 exf3+ 30. exf3 Rf6 31. Ne4 Rfe6 32. Rd1 g4 33. hxg4 hxg4 34. Nf6+ Kg7 35. Nxg4 Re2+ 36. Kh3 Be3 37. f4 Re8 38. Ne5 Rh8+ 39. Kg4 Rg2 40. Rc7+ Kf6 41. Rc6+ Kg7 42. f5 Re8 43. f6+ Kf8 44. Ng6+ Kf7 45. Nf4 Rg8+ 46. Kf5 Bxf4 47. gxf4 Rd8 48. Rc7+ Kf8 49. Rh1 1-0

[Event "2026 Biel Blitz Open"]
[Site "Biel, CH"]
[Date "2026.07.19"]
[Round "9"]
[White "Liu, Bei"]
[Black "Python, Noe"]
[Result "1-0"]
[Board "20"]
[TimeControl "180+2"]
[WhiteFideId "8603596"]
[BlackFideId "1337637"]
[WhiteElo "2170"]
[BlackElo "2010"]
[WhiteClock "0:01:28"]
[BlackClock "0:00:07"]
[Variant "Standard"]
[EndDate "2026.07.19"]
[EndTime "14:37:10"]

1. e4 c6 2. d4 d5 3. e5 c5 4. dxc5 e6 5. a3 Bxc5 6. b4 Be7 7. Nf3 a5 8. b5 f6 9. Bb2 Nd7 10. c4 Nc5 11. Nc3 dxc4 12. Bxc4 Qxd1+ 13. Rxd1 f5 14. O-O Nh6 15. b6 O-O 16. Nb5 Bd7 17. Nc7 Rad8 18. Nd4 Kf7 19. h3 g6 20. Bc3 a4 21. Bb4 g5 22. Bxc5 Bxc5 23. Ndxe6 Bxb6 24. Nxd8+ Ke7 25. Nd5+ Kxd8 26. Nxb6 1-0

[Event "2026 Biel Blitz Open"]
[Site "Biel, CH"]
[Date "2026.07.19"]
[Round "9"]
[White "Dietiker, Manuel"]
[Black "Fernandes Barbosa Dos Santos, Gabriel"]
[Result "0-1"]
[Board "21"]
[TimeControl "180+2"]
[WhiteFideId "1317377"]
[BlackFideId "1354388"]
[WhiteElo "2002"]
[BlackElo "2167"]
[BlackTitle "CM"]
[WhiteClock "0:00:23"]
[BlackClock "0:00:13"]
[Variant "Standard"]
[EndDate "2026.07.19"]
[EndTime "14:38:17"]

1. e4 c5 2. Nf3 d6 3. d4 cxd4 4. Nxd4 Nf6 5. Nc3 g6 6. Be3 Bg7 7. f3 O-O 8. Qd2 Nc6 9. O-O-O Nxd4 10. Bxd4 Be6 11. Kb1 Qc7 12. g4 Rfc8 13. h4 Qa5 14. Nd5 Qxd2 15. Nxf6+ Bxf6 16. Rxd2 Bxd4 17. Rxd4 Rc5 18. c3 b5 19. Be2 a5 20. a3 Rb8 21. f4 f5 22. exf5 gxf5 23. g5 Bd5 24. Rhd1 Be4+ 25. Bd3 Bxd3+ 26. R1xd3 Kf7 27. h5 Ke6 28. Rg3 Kf7 29. Re3 Rg8 30. Red3 Ke6 31. Kc2 Kd7 32. Rd5 Rgc8 33. Rxc5 Rxc5 34. b4 axb4 35. axb4 Rc4 36. Rd4 Rc8 37. Rd5 Rb8 38. Rxf5 Ke6 39. Rxb5 Rxb5 40. Kb3 Rf5 41. b5 Rxb5+ 42. Kc4 Rf5 43. Kd4 0-1

[Event "2026 Biel Blitz Open"]
[Site "Biel, CH"]
[Date "2026.07.19"]
[Round "9"]
[White "Kwiatkowski, Maciej"]
[Black "Gireada, Daniel"]
[Result "1-0"]
[Board "22"]
[TimeControl "180+2"]
[WhiteFideId "1360175"]
[BlackFideId "1206451"]
[WhiteElo "1967"]
[BlackElo "2148"]
[WhiteClock "0:00:11"]
[BlackClock "0:00:25"]
[Variant "Standard"]
[EndDate "2026.07.19"]
[EndTime "14:46:13"]

1. e4 c6 2. d4 d5 3. Nc3 dxe4 4. Nxe4 Nf6 5. Ng3 Bg4 6. Be2 Bxe2 7. N1xe2 e6 8. O-O Nbd7 9. c3 Bd6 10. Bf4 Nb6 11. Bg5 h6 12. Bxf6 Qxf6 13. h3 Bc7 14. Ne4 Qe7 15. N2g3 Nd5 16. Re1 O-O 17. Qf3 Rad8 18. Rad1 Qh4 19. Nc5 b6 20. Nd3 Bxg3 21. fxg3 Qg5 22. Kh2 Rc8 23. Ne5 Qe7 24. Ng4 Nf6 25. Ne3 Qd7 26. Nc4 Rfd8 27. Ne5 Qc7 28. Rf1 c5 29. Ng4 Nxg4+ 30. Qxg4 cxd4 31. Rxd4 Rxd4 32. Qxd4 Qc5 33. Qd7 Rc7 34. Qe8+ Qf8 35. Qxf8+ Kxf8 36. Rd1 Ke7 37. Kg1 Rc5 38. Kf2 Rd5 39. Rxd5 exd5 40. Ke3 Ke6 41. Kd4 Kd6 42. b3 b5 43. a3 a5 44. g4 g6 45. h4 f6 46. g3 h5 47. gxh5 gxh5 48. a4 bxa4 49. bxa4 Kc6 50. c4 dxc4 51. Kxc4 Kd6 52. Kb5 Kd5 53. Kxa5 Kc5 54. Ka6 Kc6 55. a5 Kc7 56. Kb5 Kb7 57. Kc5 Ka6 58. Kd6 Kxa5 59. Ke6 Kb6 60. Kxf6 Kc6 61. Kg5 Kd6 62. Kxh5 Ke5 63. g4 1-0

[Event "2026 Biel Blitz Open"]
[Site "Biel, CH"]
[Date "2026.07.19"]
[Round "9"]
[White "Matsumura, Cocoro"]
[Black "King, Alexander"]
[Result "1-0"]
[Board "23"]
[TimeControl "180+2"]
[WhiteFideId "36087114"]
[BlackFideId "1352334"]
[WhiteElo "2131"]
[BlackElo "1854"]
[WhiteTitle "CM"]
[WhiteClock "0:00:53"]
[BlackClock "0:00:04"]
[Variant "Standard"]
[EndDate "2026.07.19"]
[EndTime "14:42:00"]

1. e4 c6 2. d4 d5 3. e5 Bf5 4. h4 a6 5. c4 Bxb1 6. Rxb1 Qa5+ 7. Bd2 Qxa2 8. Nf3 dxc4 9. Qc1 b5 10. Ra1 Qb3 11. Ra3 Qxa3 12. bxa3 e6 13. Bb4 Bxb4+ 14. axb4 Ne7 15. Qg5 Nf5 16. g4 h6 17. Qf4 Ne7 18. Bg2 Nd7 19. O-O Nb6 20. Rb1 Ned5 21. Qc1 O-O 22. Nd2 Nf4 23. Bf1 Rfd8 24. Ne4 Nfd5 25. g5 h5 26. Nf6+ gxf6 27. gxf6 Kh7 28. Bg2 Rg8 29. Kh1 Rg4 30. Qc2+ 1-0

[Event "2026 Biel Blitz Open"]
[Site "Biel, CH"]
[Date "2026.07.19"]
[Round "9"]
[White "Havolli, Daut"]
[Black "Ragavan, Samarth Rajesh"]
[Result "0-1"]
[Board "24"]
[TimeControl "180+2"]
[WhiteFideId "1315200"]
[BlackFideId "39918106"]
[WhiteElo "1950"]
[BlackElo "2101"]
[WhiteClock "0:01:00"]
[BlackClock "0:01:41"]
[Variant "Standard"]
[EndDate "2026.07.19"]
[EndTime "14:35:40"]

1. d4 Nf6 2. Bf4 d5 3. Nc3 a6 4. f3 e6 5. Qd2 c5 6. e3 Nc6 7. O-O-O b5 8. dxc5 Bxc5 9. e4 d4 10. Nce2 e5 11. Bg3 O-O 12. Bh4 Be6 13. Kb1 Rc8 14. Nc1 Qb6 15. Bxf6 gxf6 16. Qh6 Nb4 17. a3 Nxc2 18. Kxc2 d3+ 19. Kb1 Be3 20. Qh4 Bxc1 21. Rxc1 Rxc1+ 22. Kxc1 Qe3+ 23. Kb1 Rc8 24. Ne2 dxe2 25. Bxe2 Qxe2 26. Qxf6 Qc2+ 0-1

[Event "2026 Biel Blitz Open"]
[Site "Biel, CH"]
[Date "2026.07.19"]
[Round "9"]
[White "Xu, Chang(CQ)"]
[Black "Floure, Alexan"]
[Result "1-0"]
[Board "25"]
[TimeControl "180+2"]
[WhiteFideId "8641757"]
[BlackFideId "1346610"]
[WhiteElo "2049"]
[BlackElo "1960"]
[WhiteClock "0:00:28"]
[BlackClock "0:00:04"]
[Variant "Standard"]
[EndDate "2026.07.19"]
[EndTime "14:41:46"]

1. e4 c5 2. Nf3 e6 3. d4 cxd4 4. Nxd4 Bc5 5. Nb3 Bb6 6. Bd3 Nc6 7. Nc3 Nge7 8. O-O O-O 9. Kh1 f5 10. f4 fxe4 11. Nxe4 d5 12. Ng5 g6 13. Qe2 Qd6 14. c3 Bd7 15. Bd2 Rae8 16. Rf3 e5 17. fxe5 Nxe5 18. Rxf8+ Rxf8 19. Re1 N7c6 20. Rf1 Bg4 21. Rxf8+ Qxf8 22. Qf1 Qe7 23. h3 Bd7 24. Be2 Bf5 25. Nf3 Nf7 26. Bd3 Nd6 27. Bf4 Ne4 28. Nbd4 Bd7 29. Nxc6 bxc6 30. Nd4 Qf7 31. Kh2 Bc7 32. Bxc7 Nf2 33. Bg3 Nxd3 34. Qxd3 a5 35. Nf3 Bf5 36. Qd4 Be4 37. Qe3 Qf5 38. Qf4 Qe6 39. Qd6 Qf5 40. Qe5 Qf7 41. Ng5 Qf1 42. Nxe4 dxe4 43. Qxe4 Qf6 44. Qc4+ Kg7 45. Qd4 1-0

[Event "2026 Biel Blitz Open"]
[Site "Biel, CH"]
[Date "2026.07.19"]
[Round "9"]
[White "Coban, Ege"]
[Black "Stefan, Romulus-Cristian"]
[Result "1-0"]
[Board "26"]
[TimeControl "180+2"]
[WhiteFideId "26320304"]
[BlackFideId "1232835"]
[WhiteElo "1936"]
[BlackElo "2048"]
[BlackTitle "CM"]
[WhiteClock "0:00:48"]
[BlackClock "0:00:07"]
[Variant "Standard"]
[EndDate "2026.07.19"]
[EndTime "14:42:22"]

1. e4 e5 2. Nf3 Nc6 3. Bb5 a6 4. Ba4 Nf6 5. d4 exd4 6. O-O d6 7. Re1 Be7 8. c3 dxc3 9. Nxc3 O-O 10. Bg5 Bg4 11. h3 Bh5 12. g4 Bg6 13. Nd5 Nxd5 14. exd5 Bxg5 15. dxc6 b5 16. Bb3 Qf6 17. Qd5 Bh4 18. Re2 Rfe8 19. Rae1 Rxe2 20. Rxe2 h6 21. Kg2 Rb8 22. a3 a5 23. Nd4 a4 24. Bc2 Bxc2 25. Rxc2 Qf4 26. Re2 Bf6 27. Nf5 b4 28. axb4 Qxb4 29. Re4 Qxb2 30. Rxa4 Qc2 31. Re4 Rb2 32. Re8+ Kh7 33. Qf3 Rb6 34. Ne3 Qg6 35. Nd5 Rb2 36. Nxc7 Bd4 37. Re2 Rxe2 38. Qxe2 d5 1-0

[Event "2026 Biel Blitz Open"]
[Site "Biel, CH"]
[Date "2026.07.19"]
[Round "9"]
[White "Rohrer, Christophe"]
[Black "Materia, Matteo"]
[Result "0-1"]
[Board "27"]
[TimeControl "180+2"]
[WhiteFideId "1326546"]
[BlackFideId "45150575"]
[WhiteElo "2216"]
[BlackElo "1881"]
[WhiteTitle "FM"]
[WhiteClock "0:00:07"]
[BlackClock "0:01:16"]
[Variant "Standard"]
[EndDate "2026.07.19"]
[EndTime "14:42:18"]

1. e4 d6 2. d4 Nf6 3. Nc3 g6 4. f4 Bg7 5. Nf3 c5 6. dxc5 Qa5 7. Bd3 Qxc5 8. Qe2 Bg4 9. Be3 Qa5 10. O-O O-O 11. h3 Bxf3 12. Qxf3 Nc6 13. a3 a6 14. Qf2 Qc7 15. Bb6 Qc8 16. Rad1 Nd7 17. Be3 b5 18. Kh1 b4 19. axb4 Nxb4 20. Na4 Nxd3 21. Rxd3 Qc6 22. Nc3 Bxc3 23. Rxc3 Qxe4 24. Re1 Qb7 25. Bd4 e5 26. Rb3 Qc6 27. fxe5 dxe5 28. Bxe5 Nxe5 29. Rxe5 Rfe8 30. Rc5 Qe4 31. Rc7 Re7 32. Rbb7 Qxb7 33. Rxb7 Rxb7 34. Qd4 Rab8 35. b3 Rb6 36. Kh2 a5 37. Kg3 Rb4 38. Qa7 R4b5 39. Kf4 Rb4+ 40. Ke5 R4b5+ 41. Kd6 Rd8+ 42. Kc6 Rbd5 43. c4 R8d6+ 44. Kb7 Rd7+ 45. Kb6 Rxa7 46. cxd5 Ra8 47. d6 Rb8+ 48. Kc7 Rxb3 49. d7 Rc3+ 50. Kb6 Rd3 0-1

[Event "2026 Biel Blitz Open"]
[Site "Biel, CH"]
[Date "2026.07.19"]
[Round "9"]
[White "Dai, Wenzhi"]
[Black "Kolly, Jacques"]
[Result "0-1"]
[Board "28"]
[TimeControl "180+2"]
[WhiteFideId "8608369"]
[BlackFideId "1302183"]
[WhiteElo "1943"]
[BlackElo "2203"]
[BlackTitle "FM"]
[WhiteClock "0:00:07"]
[BlackClock "0:00:24"]
[Variant "Standard"]
[EndDate "2026.07.19"]
[EndTime "14:47:01"]

1. e4 e6 2. d4 d5 3. Nc3 Nf6 4. Bg5 Bb4 5. e5 h6 6. Bd2 Bxc3 7. bxc3 Ne4 8. Qg4 g6 9. Bd3 Nxd2 10. Kxd2 c5 11. Nf3 Nc6 12. dxc5 Qa5 13. Qf4 Qxc5 14. Qe3 Qa5 15. a4 Qc7 16. Rhe1 Na5 17. Nd4 Bd7 18. f4 a6 19. Reb1 Rc8 20. Be2 O-O 21. h4 Kg7 22. g4 f6 23. exf6+ Rxf6 24. Rf1 Rcf8 25. g5 Rxf4 26. Nxe6+ Bxe6 27. gxh6+ Kh7 28. Qxe6 Rxf1 29. Rxf1 Rxf1 30. Bxf1 Qf4+ 31. Ke2 Qxh4 32. Qxd5 Nc6 33. Qf7+ Kxh6 34. Qf8+ Kh7 35. Qf7+ Kh6 36. Qf8+ Kg5 37. Qc5+ Kf6 38. Qd6+ Kf7 39. Qd7+ Qe7+ 40. Qxe7+ Kxe7 41. Bg2 Kd6 42. Kd3 Kc5 43. Be4 g5 44. Bg2 b6 45. Bh1 Ne5+ 46. Ke4 Nc4 47. Kf5 Ne3 48. Kxg5 Nxc2 49. Kf6 Kc4 50. Bb7 a5 51. Ke6 Kxc3 52. Kd6 Kb4 53. Bc6 Nd4 54. Bd7 b5 0-1

[Event "2026 Biel Blitz Open"]
[Site "Biel, CH"]
[Date "2026.07.19"]
[Round "9"]
[White "Maruntis, Patrik-Robert"]
[Black "Pinelli, Gian"]
[Result "1-0"]
[Board "29"]
[TimeControl "180+2"]
[WhiteFideId "1259997"]
[BlackFideId "1348710"]
[WhiteElo "2167"]
[BlackElo "1751"]
[WhiteClock "0:00:33"]
[BlackClock "0:00:46"]
[Variant "Standard"]
[EndDate "2026.07.19"]
[EndTime "14:47:05"]

1. e4 c6 2. d4 d5 3. e5 c5 4. dxc5 e6 5. Be3 Nd7 6. Bb5 Qc7 7. Nf3 Bxc5 8. Bxc5 Qxc5 9. Nc3 a6 10. Bxd7+ Bxd7 11. Qd4 Qxd4 12. Nxd4 Ne7 13. O-O-O Ng6 14. Rhe1 b5 15. g3 b4 16. Nb1 Rc8 17. f4 Ne7 18. Re3 a5 19. c3 bxc3 20. Rxc3 Rxc3+ 21. Nxc3 O-O 22. b3 Rc8 23. Kb2 Nc6 24. Nxc6 Rxc6 25. Ne2 Kf8 26. Nd4 Rc5 27. Rc1 Rxc1 28. Kxc1 Ke7 29. Kb2 f6 30. Ka3 Kd8 31. b4 axb4+ 32. Kxb4 Kc7 33. Kc5 fxe5 34. fxe5 h6 35. h4 Bc8 36. g4 Bd7 37. g5 hxg5 38. hxg5 Bc8 39. Ne2 Bd7 40. Nf4 Bc8 41. Nh5 Kd7 42. Nxg7 Ke7 43. Nh5 Kf7 44. Nf4 Kg7 45. a4 Kf7 46. a5 Ke7 47. g6 Bd7 48. a6 Bc8 49. a7 Bb7 50. Ne2 Kf8 51. Kd6 Kg7 52. Kxe6 Kxg6 53. Nd4 Kg7 54. Kd7 Kf8 55. e6 Kg7 56. Kc7 Ba8 57. Kb8 1-0

[Event "2026 Biel Blitz Open"]
[Site "Biel, CH"]
[Date "2026.07.19"]
[Round "9"]
[White "Osmani, Xhevdet"]
[Black "Harish, Neeraj"]
[Result "0-1"]
[Board "33"]
[TimeControl "180+2"]
[WhiteFideId "22104569"]
[BlackFideId "30958130"]
[WhiteElo "1959"]
[BlackElo "1920"]
[BlackTitle "CM"]
[WhiteClock "0:00:06"]
[BlackClock "0:00:08"]
[Variant "Standard"]
[EndDate "2026.07.19"]
[EndTime "14:39:05"]

1. d4 Nf6 2. Bf4 g6 3. e3 Bg7 4. Nf3 O-O 5. Be2 c5 6. c3 d6 7. h3 Qb6 8. Qb3 Nc6 9. Nbd2 Be6 10. Qc2 Rac8 11. dxc5 Qxc5 12. O-O Qb6 13. Rfd1 Nd7 14. Rac1 Nc5 15. Nd4 Bd7 16. Nc4 Qc7 17. Nb5 Qd8 18. Nd4 a6 19. Bg3 b5 20. Nxc6 Bxc6 21. Nd2 Qb6 22. Bf3 a5 23. c4 Bxf3 24. gxf3 Na4 25. b3 Nc3 26. Re1 b4 27. Kg2 h5 28. Ne4 d5 29. Nxc3 Bxc3 30. Red1 dxc4 31. bxc4 Rxc4 32. Rd7 Rfc8 33. Qd3 h4 34. Bf4 Qf6 35. Rd5 a4 36. Bg5 Qc6 37. Bxe7 b3 38. axb3 axb3 39. e4 b2 40. Rb1 Qe6 41. Ba3 Qb6 42. Rd6 Qb7 43. Qe2 Bg7 0-1

[Event "2026 Biel Blitz Open"]
[Site "Biel, CH"]
[Date "2026.07.19"]
[Round "9"]
[White "Trubini, Timon"]
[Black "Kelecevic, Nedeljko"]
[Result "0-1"]
[Board "34"]
[TimeControl "180+2"]
[WhiteFideId "1347799"]
[BlackFideId "14400537"]
[WhiteElo "1788"]
[BlackElo "2150"]
[BlackTitle "IM"]
[WhiteClock "0:00:26"]
[BlackClock "0:00:46"]
[Variant "Standard"]
[EndDate "2026.07.19"]
[EndTime "14:42:36"]

1. e4 e6 2. d4 d5 3. e5 c5 4. c3 Nc6 5. Nf3 Bd7 6. Be2 f6 7. O-O fxe5 8. dxe5 Nh6 9. Bxh6 gxh6 10. Re1 Bg7 11. Bf1 O-O 12. Na3 a6 13. Nc2 Qc7 14. Qe2 Be8 15. h3 Bh5 16. g4 Bg6 17. Bg2 Be4 18. Nh4 Bxc2 19. Qxc2 Qe7 20. Nf3 Rf7 21. Re3 Raf8 22. Rae1 d4 23. cxd4 cxd4 24. Rd3 Nb4 25. Qb3 Nxd3 26. Qxd3 Qb4 27. Re2 Qb5 28. Qxb5 axb5 29. Nxd4 Re7 30. Nxb5 Rd8 31. Nd6 Bxe5 32. Nxb7 Rd1+ 33. Bf1 Rxb7 34. Rxe5 Rxb2 35. Kg2 Rdd2 36. Bc4 Rxf2+ 37. Kg3 Kg7 38. Rxe6 Rg2+ 39. Kh4 Rh2 40. Re7+ Kh8 41. Bb3 Rbe2 42. Rxe2 Rxe2 43. Kg3 Kg7 44. Kh4 Re3 45. Be6 Rxe6 0-1

[Event "2026 Biel Blitz Open"]
[Site "Biel, CH"]
[Date "2026.07.19"]
[Round "9"]
[White "Huang,Hsuan-Chen"]
[Black "Langner, Robin"]
[Result "1-0"]
[Board "35"]
[TimeControl "180+2"]
[WhiteFideId "16303121"]
[BlackFideId "34606190"]
[WhiteElo "1833"]
[BlackElo "2059"]
[WhiteClock "0:00:11"]
[BlackClock "0:00:03"]
[Variant "Standard"]
[EndDate "2026.07.19"]
[EndTime "14:39:59"]

1. d4 Nf6 2. Nf3 g6 3. Nbd2 c5 4. e3 cxd4 5. exd4 Bg7 6. Bd3 O-O 7. O-O Nc6 8. c3 d6 9. Re1 e5 10. dxe5 dxe5 11. Ne4 Nxe4 12. Bxe4 Qc7 13. Qe2 Re8 14. Be3 Be6 15. Ng5 Rad8 16. Nxe6 Rxe6 17. Qc4 Red6 18. a4 Qd7 19. Bf3 Kh8 20. g3 f5 21. Bg5 Re8 22. Rad1 e4 23. Rxd6 Qxd6 24. Rd1 Qc7 25. Bg2 h6 26. Bf4 Qe7 27. Rd6 Kh7 28. Qd5 Rd8 29. Bf1 Rxd6 30. Qxd6 Qxd6 31. Bxd6 Ne5 32. Bxe5 Bxe5 33. Bc4 Kg7 34. Kf1 Kf6 35. Ke2 g5 36. Kd2 Ke7 37. Bd5 b6 38. b3 Kd6 39. Bf7 Bf6 40. c4 Ke5 41. Ke2 a5 42. Bg8 Be7 43. Bd5 Bc5 44. f3 exf3+ 45. Kxf3 Bd6 46. Ke3 Bc5+ 47. Kd3 Bg1 48. h3 Bf2 49. g4 f4 50. Bf3 Bc5 51. Bd5 Ba3 52. Bb7 Bb2 53. Bf3 Ba1 54. b4 axb4 55. c5 Bd4 56. c6 b3 57. c7 b2 58. Kc2 1-0

[Event "2026 Biel Blitz Open"]
[Site "Biel, CH"]
[Date "2026.07.19"]
[Round "9"]
[White "Marinkovic, Zoran"]
[Black "Hajduk, Tomasz"]
[Result "0-1"]
[Board "37"]
[TimeControl "180+2"]
[WhiteFideId "1346083"]
[BlackFideId "21811415"]
[WhiteElo "2037"]
[BlackElo "1791"]
[WhiteClock "0:00:11"]
[BlackClock "0:00:30"]
[Variant "Standard"]
[EndDate "2026.07.19"]
[EndTime "14:43:59"]

1. e4 c5 2. Nf3 d6 3. d4 cxd4 4. Nxd4 Nf6 5. Nc3 a6 6. Bg5 e6 7. f4 Be7 8. Qf3 Qc7 9. O-O-O b5 10. g4 Bb7 11. Bxf6 Bxf6 12. g5 Bxd4 13. Rxd4 Nc6 14. Rd2 O-O 15. Bg2 b4 16. Ne2 Rfc8 17. f5 Ne5 18. Qg3 exf5 19. Nd4 fxe4 20. Re1 Nc4 21. Rde2 e3 22. Bxb7 Qxb7 23. Nf5 Qe4 24. Nh4 Qd4 25. c3 bxc3 26. b3 Qd2+ 27. Rxd2 exd2+ 28. Kd1 dxe1=Q+ 29. Qxe1 Na3 30. Nf5 Re8 31. Qxc3 Re5 32. Nxd6 Rd5+ 33. Ke2 Rxd6 34. Qb4 Re6+ 35. Kf3 Nb5 36. a4 Nd6 37. h4 Rae8 38. a5 Re3+ 39. Kf2 R3e4 40. Qxd6 Re2+ 41. Kf3 R8e3+ 42. Kf4 Re4+ 43. Kf5 g6+ 0-1

[Event "2026 Biel Blitz Open"]
[Site "Biel, CH"]
[Date "2026.07.19"]
[Round "9"]
[White "Damen, Josephine"]
[Black "Ragios, Konstantinos"]
[Result "1-0"]
[Board "38"]
[TimeControl "180+2"]
[WhiteFideId "1074369"]
[BlackFideId "4210484"]
[WhiteElo "1766"]
[BlackElo "1957"]
[WhiteTitle "WCM"]
[WhiteClock "0:02:26"]
[BlackClock "0:00:39"]
[Variant "Standard"]
[EndDate "2026.07.19"]
[EndTime "14:35:10"]

1. e4 e5 2. Nf3 Nc6 3. Bc4 Bc5 4. c3 Nf6 5. d4 exd4 6. cxd4 Bb4+ 7. Nbd2 Nxe4 8. d5 Ne7 9. O-O Nxd2 10. Bxd2 Bxd2 11. d6 Bb4 12. dxe7 Bxe7 13. Ne5 O-O 14. Qb3 Qe8 15. Rfe1 d6 16. Nxf7 Rxf7 17. Bxf7+ Qxf7 18. Rxe7 Qxb3 19. axb3 c6 20. Re8+ Kf7 21. Rae1 a5 22. R1e7+ Kf6 23. Rc7 1-0

[Event "2026 Biel Blitz Open"]
[Site "Biel, CH"]
[Date "2026.07.19"]
[Round "9"]
[White "Tcheau, Alain"]
[Black "Jehnichen, Kai"]
[Result "0-1"]
[Board "39"]
[TimeControl "180+2"]
[WhiteFideId "1306014"]
[BlackFideId "24684333"]
[WhiteElo "1777"]
[BlackElo "1952"]
[WhiteClock "0:00:17"]
[BlackClock "0:02:18"]
[Variant "Standard"]
[EndDate "2026.07.19"]
[EndTime "14:42:47"]

1. h3 e5 2. c3 d5 3. d4 e4 4. Bf4 Bd6 5. Bxd6 Qxd6 6. e3 Nf6 7. Ne2 O-O 8. Nd2 c6 9. Qc2 Re8 10. O-O-O b5 11. Kb1 a5 12. g3 a4 13. Bg2 Bd7 14. Qc1 b4 15. c4 Na6 16. c5 Qc7 17. f3 exf3 18. Nxf3 Ne4 19. Nd2 Nf2 20. Nf3 Bf5+ 21. Ka1 a3 22. b3 Nxh1 23. Rxh1 Be4 24. Qd2 Bxf3 25. Bxf3 Qe7 26. Nf4 Qxe3 27. Qxe3 Rxe3 28. Rf1 Rae8 29. Ng2 Rc3 30. Kb1 Nc7 31. Bg4 Ne6 32. Re1 Kf8 33. Rd1 Rxg3 34. Ne1 Nxd4 35. Bd7 Re2 36. Rxd4 Rxe1+ 37. Kc2 Rg2+ 38. Rd2 Ree2 39. Rxe2 Rxe2+ 40. Kb1 Rb2+ 41. Ka1 Rc2 42. Bxc6 Rc1# 0-1